 Dungeon Crawl Stone Soup version 0.17-a0-1430-g49fde19 (webtiles) character file.

117758 pulse the Severer (level 17, 0/131 HPs)
             Began as a Formicid Fighter on June 25, 2015.
             Was a High Priest of Qazlal.
             Slain by a battleaxe of chopping (19 damage)
             ... on level 2 of the Elven Halls.
             The game lasted 02:48:59 (29961 turns).

pulse the Severer (Formicid Fighter)               Turns: 29961, Time: 02:49:02

Health: 0/131      AC: 27    Str: 29    XL:     17   Next: 29%
Magic:  23/35      EV:  8    Int:  3    God:    Qazlal [*****.]
Gold:   1927       SH: 26    Dex: 27    Spells: 0 memorised, 16 levels left

rFire  . . .     SeeInvis +     v - +4 hand axe of Besutzy {flame, +Rage rN+}
rCold  + . .     Clarity  .     h - +3 plate armour "Vuumetomi" {rElec MR+ Str+3}
rNeg   + . .     SustAt   .     c - +3 shield
rPois  +         Gourm    .     (helmet unavailable)
rElec  +         Spirit   .     g - +2 cloak {rPois}
rCorr  .         Warding  .     A - +2 pair of gloves {archery}
rMut   .         Stasis   +     (no boots)
MR     ++...                    O - amulet of regeneration
Stlth  ..........               s - ring "Pezourgho" {rC+ MP+9 Int-5 Dex+10}
                                y - +5 ring of dexterity

@: protected from physical damage, repel missiles, very resistant to hostile
enchantments, extremely unstealthy
A: permanent stasis, dig shafts and tunnels, four strong arms, antennae 3, claws
1, blurry vision 1
a: Dig, Shaft Self, Upheaval, Elemental Force, Disaster Area, Renounce Religion


You were on level 2 of the Elven Halls.
You worshipped Qazlal.
Qazlal was extremely pleased with you.
You were hungry.

You visited 6 branches of the dungeon, and saw 27 of its levels.
You also visited: Sewer and Bailey.

You collected 2618 gold pieces.
You spent 691 gold pieces at shops.

Inventory:

Hand weapons
 v - the +4 hand axe of Besutzy (weapon) {flame, +Rage rN+}
   (You took it off an orc on level 4 of the Dungeon)

   It has been specially enchanted to burn those struck by it, causing extra
   injury to most foes and up to half again as much damage against particularly
   susceptible opponents.
   Big, fiery blades are also staple armaments of hydra-hunters.
   It protects you from negative energy.
   It lets you go berserk.
Armour
 c - a +3 shield (worn)
 g - a +2 cloak of poison resistance (worn)
 h - the +3 plate armour "Vuumetomi" (worn) {rElec MR+ Str+3}
   (You found it in a bailey)

   It affects your strength (+3).
   It insulates you from electricity.
   It affects your resistance to hostile enchantments.
 u - the +3 hat of Pondering {ponderous, MR+ MP+10 Int+5}
   (You took it off Gastronok on level 2 of the Orcish Mines)

   It affects your intelligence (+5).
   It affects your resistance to hostile enchantments.
   It affects your magic capacity (+10).
 A - a +2 pair of gloves of archery (worn)
Jewellery
 k - an uncursed ring of protection from magic
 q - an uncursed amulet of clarity {unknown}
 s - the ring "Pezourgho" (right hand) {rC+ MP+9 Int-5 Dex+10}
   (You bought it in a shop on level 4 of the Dungeon)

   [ring of protection from cold]

   It affects your intelligence (-5).
   It affects your dexterity (+10).
   It protects you from cold.
   It affects your magic capacity (+9).
 x - an uncursed ring of protection from cold
 y - a +5 ring of dexterity (left hand)
 I - an uncursed ring of flight
 K - a +4 ring of intelligence
 O - an amulet of regeneration (around neck)
Magical devices
 a - a wand of draining (1)
 m - a wand of fireball (2)
 w - a wand of random effects (29)
 D - a wand of confusion (32)
 G - a wand of confusion (26)
 J - a wand of heal wounds (5)
 Q - a wand of lightning (1)
 S - a wand of heal wounds (1)
 V - a wand of fireball (0)
Scrolls
 b - a scroll of immolation
 f - 4 scrolls of identify
 i - 12 scrolls of remove curse
 o - 2 scrolls of amnesia
 t - 4 scrolls of fog
 E - a scroll of vulnerability
 P - 3 scrolls of summoning
 U - a scroll of magic mapping
 Y - 2 scrolls of fear
Potions
 e - 3 potions of brilliance
 j - 4 potions of ambrosia
 p - 2 potions of curing
 R - a potion of magic
 T - a potion of invisibility
 Z - a potion of flight
Books
 C - a book of Annihilations

   Spells                             Type                      Level
   a - Poison Arrow                   Conjuration/Poison           6
   b - Chain Lightning                Conjuration/Air              8
   c - Lehudib's Crystal Spear        Conjuration/Earth            8
   d - Glaciate                       Conjuration/Ice              9
   e - Fire Storm                     Conjuration/Fire             9
 L - a book of Enchantments

   Spells                             Type                      Level
   a - Cause Fear                     Hexes                        4
   b - Silence                        Hexes/Air                    5
   c - Deflect Missiles               Charms/Air                   6
   d - Haste                          Charms                       6
   e - Discord                        Hexes                        8
 X - a book of Changes

   Spells                             Type                      Level
   a - Beastly Appendage              Transmutation                1
   b - Sticks to Snakes               Transmutation                2
   c - Spider Form                    Transmutation/Poison         3
   d - Ice Form                       Ice/Transmutation            4
   e - Blade Hands                    Transmutation                5
Miscellaneous
 d - a legendary deck of wonders {drawn: 3}
 B - a plain deck of summoning
 F - a plain deck of changes
 H - a disc of storms
Comestibles
 l - 6 beef jerkies
 n - 11 meat rations
 r - 2 fruits
 z - 3 bread rations


   Skills:
 + Level 11.5 Fighting
 * Level 19.0 Axes
 + Level 10.3 Armour
 - Level 0.3 Stealth
 + Level 16.0 Shields
 * Level 12.4 Invocations
 - Level 0.4 Evocations


You had 16 spell levels left.
You didn't know any spells.

Dungeon Overview and Level Annotations

Branches:
Dungeon (12/15)            Temple (1/1) D:7            Lair (4/8) D:10
  Swamp (4/4) Lair:4          Orc (4/4) D:12            Elf (2/3) Orc:3
  Snake: Lair:3-6    Spider: Lair:3-6

Altars:
Ashenzari
Cheibriados
Dithmenos
Elyvilon
Fedhas
Gozag
Kikubaaqudgha
Makhleb
Nemelex Xobeh
Okawaru
Qazlal
Ru
Sif Muna
Trog
Vehumet
Xom
Yredelemnul
Zin
The Shining One

Shops:
D:4 =   D:9 *   Orc:2 (   Orc:4 %!(}=

Portals:
Pandemonium: Orc:4
Trove: D:10 (show slimy rune of Zot)

Annotations:
Swamp:3 Lernaean hydra


Innate Abilities, Weirdness & Mutations

You are under a permanent stasis effect.
You can dig through walls and to a lower floor.
Your four strong arms can wield two-handed weapons with a shield.
You have a pair of large antennae on your head (SInv).
You have sharp fingernails.
Scrolls take you a little longer to read.


Message History

The blast of rubble hits the deep elf fighter.
You kill the deep elf fighter!
Qazlal accepts your kill.
The blast of rubble hits the vampiric bardiche.
The blast of magma engulfs the vampiric bardiche.
The vampiric bardiche partially resists.
The vampiric bardiche is lightly damaged.
The cutting wind hits the deep elf fighter.
You kill the deep elf fighter!
Qazlal accepts your kill.
Your life force feels restored.
The long sword of distortion hits you but does no damage.
Space bends around you.
* * * LOW HITPOINT WARNING * * *
You block the flail of crushing's attack.
The deep elf fighter mumbles some strange words.
The deep elf fighter blinks!
You block the vampiric bardiche's attack.
The battleaxe of chopping hits you!!
You die...

......e.
........
....... .....
#§§.). ......
##...# ......
##§§(# ......
#(§(## #e.....
#@(.###.......
##)§§#).......
##§§§§........
##..≈.§≈.......
#≈.............
#≈≈............
#..............
#+.............
+#............


You could see a deep elf fighter and 4 dancing weapons.

Vanquished Creatures
  Nikola (Swamp:3)
  Jorgrun (Swamp:4)
  Gastronok (Orc:2)
  Donald (Swamp:3)
  A deep elf demonologist (Elf:1)
  A deep elf death mage (Elf:1)
  14 hydras
  2 catoblepae
  6 alligators
  2 ghost crabs
  9 dancing weapons (Elf:2)
  4 orc high priests
  6 death yaks
  Urug (Lair:3)
  10 deep elf knights
  Sonja (Lair:1)
  2 infernal demonspawn (Orc:4)
  An unseen horror (D:12)
  5 deep elf summoners (Elf:1)
  3 shambling mangroves
  5 orc knights
  A hill giant (D:11)
  5 spriggan druids
  A putrid demonspawn (Orc:4)
  8 orc sorcerers (Orc:4)
  8 swamp dragons
  5 deep elf conjurers
  A manticore (D:12)
  An ugly thing (D:9)
  2 cyclopes (D:11)
  3 hornets
  A smoke demon (Orc:4)
  Maurice (Orc:2)
  A rust devil (Orc:4)
  Joseph (D:7)
  2 black mambas
  An orange demon (Orc:4)
  2 gargoyles (D:11)
  12 spiny frogs
  A kobold demonologist (D:12)
  A fire drake (Lair:4)
  2 komodo dragons
  7 deep elf priests
  A polar bear (Lair:3)
  4 giant leeches
  3 two-headed ogres
  6 trolls
  14 bog bodies
  Prince Ribbit (Lair:1)
  12 slime creatures
  7 blink frogs
  Sigmund (D:3)
  11 spriggans
  16 yaks
  2 basilisks
  2 ynoxinuls (Orc:4)
  Eustachio (D:6)
  23 deep elf fighters
  14 deep elf magi (Elf:1)
  The ghost of Fluffy the Pure, an average DsAK of Lugonu (D:7)
  A wyvern (Lair:2)
  6 hippogriffs
  17 swamp worms
  8 vampire mosquitoes
  Menkaure (D:7)
  A warg (Orc:2)
  Edmund (D:6)
  6 insubstantial wisps (Swamp:1)
  9 water moccasins
  9 porcupines
  2 sky beasts
  2 ice beasts
  16 ogres
  15 wasps
  3 eyes of draining
  2 phantoms (D:11)
  A black bear (D:10)
  33 orc warriors
  17 swamp drakes
  7 centaurs
  A necrophage (D:8)
  4 crocodiles
  8 big kobolds
  13 giant frogs
  A wyvern zombie (D:12)
  A water moccasin zombie (D:3)
  10 scorpions
  A water moccasin skeleton (D:11)
  24 killer bees
  4 wights (D:6)
  An electric eel (Lair:4)
  2 giant frog zombies
  7 crimson imps
  10 hounds
  5 iguanas
  A quasit (D:8)
  17 orc wizards
  8 jellies
  Crazy Yiuf (D:4)
  36 orc priests
  A centaur zombie (D:9)
  2 giant frog skeletons
  Natasha (D:2)
  7 worker ants
  A hound zombie (D:8)
  2 worker ant zombies
  16 adders
  31 river rats
  2 shadow imps
  11 oozes
  An adder skeleton (D:5)
  An adder zombie (D:5)
  7 worms
  7 giant geckos
  193 orcs
  A bat skeleton (D:7)
  21 hobgoblins
  17 jackals
  38 kobolds
  8 quokkas
  4 ball pythons
  23 bats
  6 giant cockroaches
  A giant gecko skeleton (D:4)
  A giant gecko zombie (D:5)
  9 giant newts
  30 goblins
  23 rats
  27 fungi
  12 plants
1079 creatures vanquished.

Vanquished Creatures (others)
  A spriggan (Swamp:3)
  A deep elf conjurer (Elf:1)
  A spiny frog (Swamp:1)
  A deep elf mage (Elf:1)
  A swamp worm (Swamp:3)
  A swamp drake (Swamp:4)
  An orc warrior (Bailey)
  A wasp (Swamp:3)
  2 fungi
  A plant (D:10)
11 creatures vanquished.

Grand Total: 1090 creatures vanquished

Notes
Turn   | Place    | Note
--------------------------------------------------------------
     0 | D:1      | pulse the Formicid Fighter began the quest for the Orb.
     0 | D:1      | Reached XP level 1. HP: 18/18 MP: 1/1
   113 | D:1      | Reached XP level 2. HP: 20/24 MP: 2/2
   598 | D:1      | Reached XP level 3. HP: 28/30 MP: 3/3
  1132 | D:2      | Found an opulent altar of Gozag.
  1134 | D:2      | Found an iron altar of Okawaru.
  1142 | D:2      | Found a sparkling altar of Nemelex Xobeh.
  1200 | D:2      | Reached skill level 4 in Fighting
  1200 | D:2      | Reached XP level 4. HP: 35/37 MP: 4/4
  1348 | D:2      | Noticed Natasha
  1366 | D:2      | Killed Natasha
  1982 | D:3      | Reached XP level 5. HP: 21/42 MP: 5/5
  2226 | D:3      | Noticed Sigmund
  2240 | D:3      | Killed Sigmund
  2240 | D:3      | Reached XP level 6. HP: 27/48 MP: 6/6
  2716 | D:3      | Reached skill level 5 in Axes
  2878 | D:3      | Reached XP level 7. HP: 53/55 MP: 7/7
  3434 | D:4      | Reached skill level 6 in Axes
  3518 | D:4      | Found Buklosoe's Jewellery Shoppe.
  3648 | D:4      | Got a faintly glowing hand axe {flame}
  3649 | D:4      | Identified the +4 hand axe of Besutzy {flame, +Rage rN+} (You took it off an orc on level 4 of the Dungeon)
  3961 | D:4      | Reached XP level 8. HP: 61/61 MP: 8/8
  4094 | D:4      | Noticed Crazy Yiuf
  4099 | D:4      | Killed Crazy Yiuf
  4154 | D:4      | Reached skill level 7 in Axes
  4373 | D:5      | Entered Level 5 of the Dungeon
  4420 | D:5      | Found a glowing drain.
  4440 | Sewer    | Entered a sewer
  4707 | Sewer    | Reached skill level 8 in Axes
  5264 | D:5      | Reached skill level 9 in Axes
  5411 | D:5      | Reached XP level 9. HP: 48/66 MP: 9/9
  5877 | D:5      | Found a burning altar of Makhleb.
  5877 | D:5      | Found a radiant altar of Vehumet.
  5968 | D:5      | Found a basalt altar of Yredelemnul.
  6219 | D:6      | Reached skill level 10 in Axes
  6300 | D:6      | Noticed Edmund
  6365 | D:6      | Killed Edmund
  6727 | D:6      | Noticed Eustachio
  6736 | D:6      | Killed Eustachio
  6755 | D:6      | Reached skill level 11 in Axes
  6981 | D:6      | Reached skill level 5 in Shields
  7700 | D:7      | Noticed Joseph
  7723 | D:7      | Killed Joseph
  7723 | D:7      | Reached skill level 5 in Armour
  7723 | D:7      | Reached XP level 10. HP: 67/73 MP: 10/10
  7780 | D:7      | Noticed Menkaure
  8175 | D:7      | Killed Menkaure
  8275 | D:7      | Reached skill level 5 in Fighting
  8496 | D:7      | Reached skill level 12 in Axes
  9026 | D:7      | Noticed Fluffy's ghost (average DsAK)
  9048 | D:7      | Killed Fluffy's ghost
  9459 | D:7      | Found a staircase to the Ecumenical Temple.
  9543 | Temple   | Entered the Ecumenical Temple
  9552 | Temple   | Became a worshipper of Qazlal Stormbringer
 10276 | D:8      | Acquired Qazlal's first power
 11517 | D:9      | Acquired Qazlal's second power
 11521 | D:9      | Noticed a white ugly thing
 11544 | D:9      | Killed a white ugly thing
 11544 | D:9      | Reached XP level 11. HP: 34/81 MP: 11/11
 11639 | D:9      | Found a flagged portal.
 11655 | Bailey   | Entered a bailey
 12547 | Bailey   | Gained mutation: Your magical capacity is low (-10% MP). [helix card]
 12642 | Bailey   | Found a roughly hewn altar of Beogh.
 12643 | Bailey   | Noticed an orc knight
 12683 | Bailey   | Killed an orc knight
 12683 | Bailey   | Reached skill level 13 in Axes
 12863 | Bailey   | Got a bloodstained plate armour
 12883 | Bailey   | Identified the +3 plate armour "Vuumetomi" {rElec MR+ Str+3} (You found it in a bailey)
 13086 | D:9      | Found Yshix's General Store.
 13265 | D:9      | Found a sacrificial altar of Ru.
 13330 | D:9      | Reached skill level 1 in Invocations
 13391 | D:9      | You fall through a shaft for 2 floors!
 13391 | D:11     | Noticed a hill giant
 13401 | D:11     | Killed a hill giant
 13501 | D:11     | Acquired Qazlal's third power
 13539 | D:11     | Noticed a cyclops
 13547 | D:10     | Entered Level 10 of the Dungeon
 13704 | D:10     | Found a staircase to the Lair.
 14142 | D:10     | Acquired Qazlal's fourth power
 14169 | D:10     | Found a portal to a secret trove of treasure.
 14352 | D:11     | Killed a cyclops
 14352 | D:11     | Reached skill level 10 in Shields
 14423 | D:11     | Noticed a cyclops
 14435 | D:11     | Reached XP level 12. HP: 68/91 MP: 13/13
 14442 | D:11     | Killed a cyclops
 15646 | D:4      | Reached skill level 14 in Axes
 15668 | D:4      | Bought the ring "Pezourgho" {rC+ MP+9 Int-5 Dex+10} for 425 gold pieces
 15971 | Lair:1   | Entered Level 1 of the Lair of Beasts
 16023 | Lair:1   | Noticed Prince Ribbit
 16034 | Lair:1   | Killed Prince Ribbit
 16066 | Lair:1   | Reached skill level 5 in Invocations
 16544 | Lair:1   | Noticed Sonja
 16570 | Lair:1   | Killed Sonja
 16607 | Lair:1   | Acquired Qazlal's fifth power
 17370 | Lair:2   | Got a scorched lead ring
 17383 | Lair:2   | Identified the ring of Ykaf Vas {Int+5 Stlth-} (You found it on level 2 of the Lair of Beasts)
 17840 | Lair:3   | Reached XP level 13. HP: 62/98 MP: 15/15
 17898 | Lair:3   | Noticed Urug
 17914 | Lair:3   | Killed Urug
 17923 | Lair:3   | Reached skill level 15 in Axes
 20006 | Lair:4   | Found a staircase to the Swamp.
 20025 | Swamp:1  | Entered Level 1 of the Swamp
 20056 | Swamp:1  | Reached XP level 14. HP: 90/106 MP: 18/18
 20798 | D:12     | Reached skill level 16 in Axes
 21004 | D:12     | Found a staircase to the Orcish Mines.
 21589 | Orc:1    | Entered Level 1 of the Orcish Mines
 21840 | Orc:2    | Found Bujuat's Antique Weapon Boutique.
 21880 | Orc:2    | Noticed Maurice
 21891 | Orc:2    | Killed Maurice
 21912 | Orc:2    | Noticed Gastronok
 21934 | Orc:2    | Killed Gastronok
 22036 | Orc:2    | Gained mutation: Scrolls take you a little longer to read. [potion of mutation]
 22036 | Orc:2    | Gained mutation: You can spit weak poison. [potion of mutation]
 22037 | Orc:2    | Gained mutation: You are dopey. (Int -2) [potion of mutation]
 22037 | Orc:2    | Gained mutation: Your spells are a little harder to cast, but a little more powerful. [potion of mutation]
 22037 | Orc:2    | Lost mutation: Your spells are a little harder to cast, but a little more powerful. [potion of mutation]
 22038 | Orc:2    | Lost mutation: You are dopey. (Int -2) [potion of cure mutation]
 22038 | Orc:2    | Lost mutation: Your magical capacity is low (-10% MP). [potion of cure mutation]
 22038 | Orc:2    | Lost mutation: You can spit weak poison. [potion of cure mutation]
 22584 | Orc:3    | Found a staircase to the Elven Halls.
 22895 | Orc:4    | Entered Level 4 of the Orcish Mines
 22998 | Orc:4    | Found Voycwap's Distillery.
 23008 | Orc:4    | Found Vupag's Food Emporium.
 23099 | Orc:4    | Bought a potion of might for 56 gold pieces
 23267 | Orc:4    | Reached XP level 15. HP: 82/115 MP: 22/22
 23280 | Orc:4    | Reached skill level 17 in Axes
 23367 | Orc:4    | Found Nicon's Gadget Boutique.
 23367 | Orc:4    | Found Koytamn's Antique Weapon Shop.
 23368 | Orc:4    | Found a one-way gate leading to the halls of Pandemonium.
 23526 | Orc:4    | Found Notusudd's Jewellery Boutique.
 24153 | Orc:1    | Reached skill level 10 in Invocations
 24884 | Swamp:1  | Reached skill level 10 in Fighting
 26028 | Swamp:3  | Noticed Donald
 26070 | Swamp:3  | Killed Donald
 26386 | Swamp:3  | Noticed Nikola
 26401 | Swamp:4  | Entered Level 4 of the Swamp
 26447 | Swamp:4  | Reached XP level 16. HP: 38/123 MP: 18/24
 26672 | Swamp:3  | Killed Nikola
 26672 | Swamp:3  | Reached skill level 18 in Axes
 27313 | Swamp:4  | Noticed Jorgrun
 27318 | Swamp:4  | Reached skill level 15 in Shields
 27337 | Swamp:4  | Killed Jorgrun
 27391 | Swamp:4  | Noticed the 27-headed Lernaean hydra
 27547 | Swamp:3  | Gained mutation: You have sharp fingernails. [helix card]
 27617 | Swamp:3  | Reached skill level 10 in Armour
 28243 | Elf:1    | Entered Level 1 of the Elven Halls
 28330 | Elf:1    | Found a radiant altar of Vehumet.
 29059 | Orc:4    | Bought an uncursed ring of flight for 210 gold pieces
 29542 | Elf:1    | Reached XP level 17. HP: 129/131 MP: 26/26
 29902 | Elf:2    | Reached skill level 19 in Axes
 29961 | Elf:2    | Slain by a battleaxe of chopping

Vault maps used:
D:1:      dpeg_arrival_ternary, hangedman_abyss_or_decor_lesser_grid
D:2:      grunt_temple_overflow_open, uniq_natasha
D:3:      uniq_sigmund
D:4:      serial_shops, nicolae_shop_crystal, st_stairs_11,
          kennysheep_small_circle, uniq_crazy_yiuf_cottage
D:5:      grunt_temple_overflow_lords_of_destruction, kennysheep_mini,
          first_bread, portal_sewer_entry_f, minmay_misc_feat_enclosed,
          kennysheep_generic_room_3
D:6:      kennysheep_six_static_rooms, hangedman_decor_points, uniq_eustachio,
          uniq_edmund
D:7:      minmay_temple_entry_statues, uniq_joseph, uniq_menkaure
D:9:      hangedman_ru_absence, serial_shops, shop, serial_corexii_hall,
          corexii_hall_statues_l, corexii_hall_statues_l, enter_bailey_3
D:10:     due_lair_maze_entry_diamond, nicolae_trove_entry_crossroad
D:11:     hangedman_little_slice_of_home
D:12:     hiddenorc2_lemuel
Temple:   minmay_freezing_vapour_temple_12
Lair:1:   st_stairs_7, grunt_megastairs_2, uniq_prince_ribbit2, uniq_sonja
Lair:3:   beast_lair_carwin_1, uniq_urug
Lair:4:   nicolae_swamp_entry_splash_gauntlet
Swamp:1:  hangedman_swamp_blocks, swamp_pool5, infiniplex_staircase_pool
Swamp:2:  nicolae_swamp_rocky_clearing
Swamp:3:  hangedman_swamp_pad, uniq_nikola, uniq_donald
Swamp:4:  grunt_swamp_rune_castle, uniq_jorgrun
Orc:2:    serial_shops, nicolae_shop_trees, uniq_maurice, uniq_gastronok
Orc:3:    nicolae_orc_pool_cavern
Orc:4:    pf_orc_diabolical, serial_shops, shop
Elf:1:    eino_elf_arrival_altar, evilmike_minifort, grunt_ministairs_15
Elf:2:    serial_shops, shop, uniq_agnes, uniq_louise
Sewer:    sewer_co_tree
Bailey:   bailey_polearm_2, bailey

Action                   |  1- 3 |  4- 6 |  7- 9 | 10-12 | 13-15 | 16-18 || total
-------------------------+-------+-------+-------+-------+-------+-------++-------
Melee: War axe           |   105 |   136 |   103 |       |       |       ||   344
       Hand axe          |       |       |   433 |  1019 |  1412 |   574 ||  3438
Invok: Disaster Area     |       |       |       |       |     5 |     2 ||     7
       Upheaval          |       |       |       |       |     3 |     2 ||     5
 Abil: Evoke Flight      |       |       |       |       |       |     1 ||     1
Evoke: Wand              |       |       |       |     2 |    18 |     6 ||    26
       Deck              |       |       |       |     1 |       |     2 ||     3
  Use: Scroll            |       |     8 |     6 |    10 |    11 |     5 ||    40
       Potion            |       |     1 |     2 |    11 |    10 |     3 ||    27
 Stab: Invisible         |       |       |       |     8 |       |       ||     8
       Petrified         |       |       |       |       |     2 |       ||     2
       Confused          |       |       |       |       |       |     1 ||     1
  Eat: Chunk             |     1 |     3 |    10 |     9 |     1 |       ||    24
       Bread ration      |       |     1 |     1 |     3 |     3 |       ||     8
       Fruit             |       |       |     1 |     2 |     5 |     2 ||    10
       Royal jelly       |       |       |       |     4 |     3 |     3 ||    10
       Pizza             |       |       |       |     1 |     3 |     1 ||     5
       Meat ration       |       |       |       |       |     1 |     1 ||     2
